BLB
HARTFORD WHALERS @ PITTSBURGH MILLERS
09/08/2059
 
TOP OF THE 1ST
Hartford Whalers batting - Pitching for Pittsburgh Millers : RHP Justice Michael
Pitching: RHP Justice Michael
Batting: LHB Gene Grimes 0-0: Called Strike
0-1: Ball
1-1: Ground out U3 (Groundball, 3L, EV 101.2 MPH)
Batting: RHB Zyaire Semijenov 0-0: Ground out 6-3 (Groundball, 6, EV 93.8 MPH)
Batting: LHB Darrell Petty 0-0: Ball
1-0: Ball
2-0: Foul Ball, location: 2F
2-1: Ground out 6-3 (Groundball, 6, EV 82.5 MPH)
Top of the 1st over - 0 runs, 0 hits, 0 errors, 0 left on base; Hartford 0 - Pittsburgh 0
BOTTOM OF THE 1ST
Pittsburgh Millers batting - Pitching for Hartford Whalers : LHP James Sisson
Pitching: LHP James Sisson
Batting: LHB Benjamin Guy 0-0: Called Strike
0-1: Called Strike
0-2: Foul Ball, location: 2F
0-2: Foul Ball, location: 2F
0-2: Ball
1-2: Strikes out swinging
Batting: RHB Tevin Hawkins 0-0: Ball
1-0: Ball
2-0: Foul Ball, location: 2F
2-1: Fly out, F8 (Flyball, 8LM, EV 89.4 MPH)
Batting: RHB Jeremy Knowlton 0-0: Foul Ball, location: 2F
0-1: Ball
1-1: Foul Ball, location: 2F
1-2: Strikes out swinging
Bottom of the 1st over - 0 runs, 0 hits, 0 errors, 0 left on base; Hartford 0 - Pittsburgh 0
TOP OF THE 2ND
Hartford Whalers batting - Pitching for Pittsburgh Millers : RHP Justice Michael
Batting: LHB Ian Schreiber 0-0: Ball
1-0: Ground out 4-3 (Groundball, 4, EV 103.8 MPH)
Batting: LHB Amric Robinson 0-0: Swinging Strike
0-1: Called Strike
0-2: Foul Ball, location: 2F
0-2: Ball
1-2: Ball
2-2: Foul Ball, location: 2F
2-2: Ball
3-2: Fly out, F7 (Flyball, 78M, EV 90.6 MPH)
Batting: RHB Wyatt McKenney 0-0: Called Strike
0-1: Reached on error, E5 (Groundball, 5S, EV 90.6 MPH)
Batting: LHB Houston Yap 0-0: Called Strike
0-1: Foul Ball, location: 2F
0-2: Ball
1-2: Foul Ball, location: 2F
Pickoff Throw to First - Out! 1-3
Top of the 2nd over - 0 runs, 0 hits, 1 error, 0 left on base; Hartford 0 - Pittsburgh 0
BOTTOM OF THE 2ND
Pittsburgh Millers batting - Pitching for Hartford Whalers : LHP James Sisson
Batting: LHB Sayon Castillo 0-0: Called Strike
0-1: Swinging Strike
0-2: Ball
1-2: Foul Ball, location: 2F
1-2: Foul Ball, location: 2F
1-2: Ball
2-2: Strikes out swinging
Batting: RHB Colton Coffin 0-0: Called Strike
0-1: Foul Ball, location: 2F
0-2: Ball
1-2: Strikes out swinging
Batting: RHB LaMark Canete 0-0: Ball
1-0: Foul Ball, location: 2F
1-1: Called Strike
1-2: Strikes out swinging
Bottom of the 2nd over - 0 runs, 0 hits, 0 errors, 0 left on base; Hartford 0 - Pittsburgh 0
TOP OF THE 3RD
Hartford Whalers batting - Pitching for Pittsburgh Millers : RHP Justice Michael
Batting: LHB Houston Yap 0-0: Ball
1-0: Ball
2-0: Called Strike
2-1: Fly out, F7 (Flyball, 7D, EV 103.8 MPH)
Batting: RHB Reilly Wren 0-0: Foul Ball, location: 2F
0-1: Ball
1-1: Ball
2-1: Called Strike
2-2: Ball
3-2: Foul Ball, location: 2F
3-2: Foul Ball, location: 2F
3-2: Ground out 6-3 (Groundball, 6, EV 82.5 MPH)
Batting: LHB Edgerrin Aouita 0-0: Ball
1-0: Ball
2-0: Ball
3-0: Foul Ball, location: 2F
3-1: Swinging Strike
3-2: Strikes out swinging
Top of the 3rd over - 0 runs, 0 hits, 0 errors, 0 left on base; Hartford 0 - Pittsburgh 0
BOTTOM OF THE 3RD
Pittsburgh Millers batting - Pitching for Hartford Whalers : LHP James Sisson
Batting: RHB Conner Wilson 0-0: Swinging Strike
0-1: Foul Ball, location: 2F
0-2: Ball
1-2: Foul Ball, location: 2F
1-2: Foul Ball, location: 2F
1-2: Strikes out looking
Batting: RHB Seth Laskie 0-0: Ball
1-0: Ball
2-0: Ball
3-0: Called Strike
3-1: Called Strike
3-2: Base on Balls
Batting: RHB Isaac Pack 0-0: Fly out, F9 (Line Drive, 89S, EV 105.0 MPH)
Batting: LHB Benjamin Guy 0-0: Foul Ball, location: 2F
0-1: Ball
1-1: Foul Ball, location: 2F
1-2: Ball
Passed Ball!
Seth Laskie to second
2-2: Strikes out swinging
Bottom of the 3rd over - 0 runs, 0 hits, 0 errors, 1 left on base; Hartford 0 - Pittsburgh 0
TOP OF THE 4TH
Hartford Whalers batting - Pitching for Pittsburgh Millers : RHP Justice Michael
Batting: LHB Gene Grimes 0-0: Ball
1-0: DOUBLE (Line Drive, 8RD, EV 108.8 MPH)
Batting: RHB Zyaire Semijenov 0-0: Called Strike
0-1: SINGLE (Line Drive, 8RS, EV 100.0 MPH)
Gene Grimes to third
Runner from 3rd tries for Home, SAFE, throw by CF to home
Zyaire Semijenov to second
Batting: LHB Darrell Petty 0-0: 2-RUN HOME RUN (Flyball, 7D, EV 99.4 MPH), Distance : 388 ft
Batting: LHB Ian Schreiber 0-0: DOUBLE (Line Drive, 7LM, EV 85.6 MPH)
Batting: LHB Amric Robinson 0-0: Ball
1-0: Ball
2-0: Ball
3-0: Called Strike
3-1: Foul Ball, location: 2F
3-2: Strikes out swinging
Batting: RHB Wyatt McKenney 0-0: Ball
1-0: Ball
2-0: Ball
3-0: Called Strike
3-1: Foul Ball, location: 2F
3-2: Strikes out swinging
Batting: LHB Houston Yap 0-0: Ball
1-0: Called Strike
1-1: SINGLE (Groundball, 3D, EV 93.8 MPH)
Ian Schreiber to third
Runner from 3rd tries for Home, SAFE, throw by RF to home
Batting: RHB Reilly Wren 0-0: Called Strike
0-1: Fly out, F7 (Flyball, 7S, EV 82.5 MPH)
Top of the 4th over - 4 runs, 5 hits, 0 errors, 1 left on base; Hartford 4 - Pittsburgh 0
BOTTOM OF THE 4TH
Pittsburgh Millers batting - Pitching for Hartford Whalers : LHP James Sisson
Batting: RHB Tevin Hawkins 0-0: Foul Ball, location: 2F
0-1: Called Strike
0-2: Foul Ball, location: 2F
0-2: Ball
1-2: Ball
2-2: Ground out 6-3 (Groundball, 6, EV 110.0 MPH)
Batting: RHB Jeremy Knowlton 0-0: Ball
1-0: SINGLE (Line Drive, 8RS, EV 106.9 MPH)
Batting: LHB Sayon Castillo 0-0: Ball
Wild Pitch!
Jeremy Knowlton to second
1-0: Swinging Strike
1-1: Ball
2-1: Called Strike
2-2: Foul Ball, location: 2F
2-2: SINGLE (Line Drive, 78M, EV 90.6 MPH)
Jeremy Knowlton to third
Batting: RHB Colton Coffin 0-0: DOUBLE (Line Drive, 78D, EV 98.8 MPH)
Jeremy Knowlton scores
Sayon Castillo to third
Runner from 3rd tries for Home, SAFE, no throw by CF
Batting: RHB LaMark Canete 0-0: Ball
1-0: Ball
2-0: Foul Ball, location: 2F
2-1: Ball
3-1: Base on Balls
Batting: RHB Conner Wilson 0-0: Ball
1-0: Called Strike
1-1: Ball
2-1: Ball
3-1: Fly out, F7 (Flyball, 7LD, EV 96.9 MPH)
Batting: RHB Seth Laskie 0-0: Foul Ball, location: 2F
0-1: Ball
1-1: Ball
2-1: Ball
3-1: Ground out 5-3 (Groundball, 5S, EV 85.6 MPH)
Bottom of the 4th over - 2 runs, 3 hits, 0 errors, 2 left on base; Hartford 4 - Pittsburgh 2
TOP OF THE 5TH
Hartford Whalers batting - Pitching for Pittsburgh Millers : RHP Justice Michael
Batting: LHB Edgerrin Aouita 0-0: Ball
1-0: Called Strike
1-1: Swinging Strike
1-2: SINGLE (Groundball, 34D, EV 95.0 MPH)
Batting: LHB Gene Grimes 0-0: Ball
1-0: SINGLE (Line Drive, 4MD, EV 95.0 MPH)
Edgerrin Aouita to second
Batting: RHB Zyaire Semijenov 0-0: Ball
1-0: Ball
2-0: Grounds into double play, 6-4-3 (Groundball, 6, EV 110.0 MPH)
Edgerrin Aouita to third
Batting: LHB Darrell Petty 0-0: Ball
1-0: Ball
2-0: Fly out, F7 (Flyball, 7D, EV 98.1 MPH)
Top of the 5th over - 0 runs, 2 hits, 0 errors, 1 left on base; Hartford 4 - Pittsburgh 2
BOTTOM OF THE 5TH
Pittsburgh Millers batting - Pitching for Hartford Whalers : LHP James Sisson
Batting: RHB Isaac Pack 0-0: Ball
1-0: Foul Ball, location: 2F
1-1: Swinging Strike
1-2: Fly out, F8 (Flyball, 8RM, EV 86.2 MPH)
Batting: LHB Benjamin Guy 0-0: SINGLE (Line Drive, 56D, EV 94.4 MPH)
Batting: RHB Tevin Hawkins 0-0: Ground out 6-3 (Groundball, 6S, EV 67.5 MPH)
Benjamin Guy to second
Batting: RHB Jeremy Knowlton 0-0: Ground out 5-3 (Groundball, 56S, EV 93.1 MPH)
Bottom of the 5th over - 0 runs, 1 hit, 0 errors, 1 left on base; Hartford 4 - Pittsburgh 2
TOP OF THE 6TH
Hartford Whalers batting - Pitching for Pittsburgh Millers : RHP Justice Michael
Batting: LHB Ian Schreiber 0-0: Ball
1-0: Ground out 4-3 (Groundball, 4, EV 85.0 MPH)
Batting: LHB Amric Robinson 0-0: Called Strike
0-1: Ball
1-1: Ground out 5-3 (Groundball, 56, EV 104.4 MPH)
Batting: RHB Wyatt McKenney 0-0: Ball
1-0: Called Strike
1-1: Ball
2-1: Foul Ball, location: 2F
2-2: Strikes out looking
Top of the 6th over - 0 runs, 0 hits, 0 errors, 0 left on base; Hartford 4 - Pittsburgh 2
BOTTOM OF THE 6TH
Pittsburgh Millers batting - Pitching for Hartford Whalers : LHP James Sisson
Batting: LHB Sayon Castillo 0-0: SINGLE (Line Drive, 5D, EV 101.2 MPH)
Batting: RHB Colton Coffin 0-0: Ball
1-0: Foul Ball, location: 2F
1-1: Foul Ball, location: 2F
1-2: Grounds into double play, 4-6-3 (Groundball, 34S, EV 86.9 MPH)
Batting: RHB LaMark Canete 0-0: Called Strike
0-1: Ball
1-1: SINGLE (Flyball, 4MD, EV 88.1 MPH)
Batting: RHB Conner Wilson 0-0: Ball
1-0: Swinging Strike
1-1: Ball
2-1: Fielders Choice at 2nd, 6-4 (Groundball, 6, EV 84.4 MPH)
Bottom of the 6th over - 0 runs, 2 hits, 0 errors, 1 left on base; Hartford 4 - Pittsburgh 2
TOP OF THE 7TH
Hartford Whalers batting - Pitching for Pittsburgh Millers : RHP Justice Michael
Pitching: LHP Phil Cole
Batting: LHB Houston Yap 0-0: Ground out 4-3 (Groundball, 4, EV 86.9 MPH)
Batting: RHB Reilly Wren 0-0: Swinging Strike
0-1: Foul Ball, location: 2F
0-2: Strikes out swinging
Batting: LHB Edgerrin Aouita 0-0: Ground out 3-1 (Groundball, 34, EV 103.1 MPH)
Top of the 7th over - 0 runs, 0 hits, 0 errors, 0 left on base; Hartford 4 - Pittsburgh 2
BOTTOM OF THE 7TH
Pittsburgh Millers batting - Pitching for Hartford Whalers : LHP James Sisson
Pitching: RHP Blake Yost
Batting: RHB Seth Laskie 0-0: Foul Ball, location: 2F
0-1: Called Strike
0-2: Strikes out swinging
Batting: RHB Isaac Pack 0-0: Called Strike
0-1: Fly out, F9 (Flyball, 9LM, EV 84.4 MPH)
Batting: LHB Benjamin Guy 0-0: Ball
1-0: Foul Ball, location: 2F
1-1: Ball
2-1: Foul Ball, location: 2F
2-2: Fly out, F9 (Flyball, 89S, EV 85.0 MPH)
Bottom of the 7th over - 0 runs, 0 hits, 0 errors, 0 left on base; Hartford 4 - Pittsburgh 2
TOP OF THE 8TH
Hartford Whalers batting - Pitching for Pittsburgh Millers : LHP Phil Cole
Pitching: RHP Shavar Hannan
Batting: LHB Gene Grimes 0-0: Ball
1-0: Ball
2-0: Ball
3-0: Called Strike
3-1: Base on Balls
Batting: RHB Zyaire Semijenov 0-0: Ball
1-0: Grounds into double play, 6-4-3 (Groundball, 6S, EV 85.6 MPH)
Batting: LHB Darrell Petty 0-0: Ball
1-0: Fly out, F7 (Flyball, 7S, EV 77.5 MPH)
Top of the 8th over - 0 runs, 0 hits, 0 errors, 0 left on base; Hartford 4 - Pittsburgh 2
BOTTOM OF THE 8TH
Pittsburgh Millers batting - Pitching for Hartford Whalers : RHP Blake Yost
Batting: RHB Tevin Hawkins 0-0: Ball
1-0: Swinging Strike
1-1: Foul Ball, location: 2F
1-2: Ball
2-2: Strikes out swinging
Batting: RHB Jeremy Knowlton 0-0: Ball
1-0: Ball
2-0: Fly out, F7 (Flyball, 78M, EV 96.2 MPH)
Batting: LHB Sayon Castillo 0-0: Swinging Strike
0-1: Swinging Strike
0-2: Ball
1-2: Ball
2-2: Strikes out swinging
Bottom of the 8th over - 0 runs, 0 hits, 0 errors, 0 left on base; Hartford 4 - Pittsburgh 2
TOP OF THE 9TH
Hartford Whalers batting - Pitching for Pittsburgh Millers : RHP Shavar Hannan
Batting: LHB Ian Schreiber 0-0: Ball
1-0: Swinging Strike
1-1: Ball
2-1: Foul Ball, location: 2F
2-2: SINGLE (Line Drive, 4D, EV 93.8 MPH)
Batting: LHB Amric Robinson 0-0: Swinging Strike
0-1: Ball
1-1: Swinging Strike
1-2: Strikes out swinging
Batting: RHB Wyatt McKenney 0-0: Called Strike
0-1: Called Strike
0-2: Ball
1-2: Ball
2-2: Foul Ball, location: 2F
2-2: Strikes out swinging
Batting: LHB Houston Yap 0-0: 2-RUN HOME RUN (Flyball, 89XD, EV 104.4 MPH), Distance : 394 ft
Batting: RHB Reilly Wren 0-0: Ball
1-0: Called Strike
1-1: Foul Ball, location: 2F
1-2: Foul Ball, location: 2F
1-2: Strikes out looking
Top of the 9th over - 2 runs, 2 hits, 0 errors, 0 left on base; Hartford 6 - Pittsburgh 2
BOTTOM OF THE 9TH
Pittsburgh Millers batting - Pitching for Hartford Whalers : RHP Blake Yost
Now at SS: Dave Babb
Now in LF: Thomas Anderson
Now in CF: Dalton Winger
Now in RF: Edgerrin Aouita
Batting: RHB Colton Coffin 0-0: Called Strike
0-1: Swinging Strike
0-2: Ball
1-2: Strikes out swinging
Batting: RHB LaMark Canete 0-0: Ball
1-0: Foul Ball, location: 2F
1-1: Ball
2-1: Foul Ball, location: 2F
2-2: Strikes out swinging
Pinch Hitting: LHB Byron Carlton 0-0: Swinging Strike
0-1: DOUBLE (Line Drive, 8RXD, EV 109.4 MPH)
Batting: RHB Seth Laskie 0-0: Ball
1-0: Ball
2-0: Ball
3-0: Called Strike
3-1: Base on Balls
Pitching: RHP Jamal Brown
Batting: RHB Isaac Pack 0-0: Called Strike
0-1: Ball
1-1: Ball
2-1: Ball
3-1: Swinging Strike
3-2: Strikes out swinging
Bottom of the 9th over - 0 runs, 1 hit, 0 errors, 2 left on base; Hartford 6 - Pittsburgh 2
Sunday, March 31st , 2024 - OOTP Baseball 23.10 Build 110